 Dungeon Crawl Stone Soup version 0.26-a0-652-gafc20e3620 (webtiles) character file.

Game seed: 956254771812791296

217 ringo67 the Insei (level 5, -5/36 HPs)
             Began as an Octopode Transmuter on Oct 4, 2020.
             Slain by a worm (9 damage)
             ... on level 3 of the Dungeon.
             The game lasted 00:05:44 (4900 turns).

ringo67 the Insei (Octopode Transmuter)             Turns: 4900, Time: 00:05:44

Health: -5/36      AC:  1    Str: 10    XL:     5   Next: 94%
Magic:  8/8        EV: 13    Int: 15    God:
Gold:   142        SH:  5    Dex: 13    Spells: 7/8 levels left

rFire    . . .     SeeInvis .   i - +2 dagger (venom)
rCold    . . .     Faith    .   (no shield)
rNeg     . . .     Spirit   .   (helmet restricted)
rPois    .         Reflect  +   g - amulet of reflection
rElec    .         Harm     .   (no ring)
rCorr    .         Rampage  .   (no ring)
MR       .....                  (no ring)
Stlth    ++........             (no ring)
HPRegen  0.12/turn              (no ring)
MPRegen  0.11/turn              (no ring)
                                (no ring)
                                (no ring)

@: no status effects
A: almost no armour, stealthy swim, amphibious, 8 rings, constrict 8, camouflage
1, gelatinous body 1
a: no special abilities


You were on level 3 of the Dungeon.
You visited 1 branch of the dungeon, and saw 3 of its levels.

You collected 142 gold pieces.

Inventory:

Hand Weapons
 i - a +2 dagger of venom (weapon)
Jewellery
 g - an amulet of reflection (around mantle)
 h - an uncursed ring of magical power
Scrolls
 a - 3 scrolls of identify {unknown}
 b - a scroll of amnesia {unknown}
 e - a scroll of teleportation {unknown}
 j - a scroll of remove curse {unknown}
 k - a scroll of enchant weapon {unknown}
Potions
 c - a potion of degeneration {unknown}
 d - 2 potions of haste
 f - a potion of curing


   Skills:
 + Level 2.8 Fighting
 - Level 2.0 Dodging
 * Level 5.0 Unarmed Combat
 - Level 2.0 Spellcasting
 + Level 3.3 Transmutations


You had 7 spell levels left.
You knew the following spells:

 Your Spells              Type           Power        Failure   Level
a - Beastly Appendage     Tmut           ##....       5%          1

Your spell library contained the following spells:

 Spells                   Type           Power        Failure   Level
 Wereblood                Tmut           ##......     9%          2
 Spider Form              Tmut/Pois      #.........   34%         3
 Ice Form                 Ice/Tmut       #.......     75%         4
 Blade Hands              Tmut           ##........   83%         5


Dungeon Overview and Level Annotations

Branches:
Dungeon (3/15)

Altars:
Cheibriados
Elyvilon
Okawaru
Trog


Innate Abilities, Weirdness & Mutations

You cannot wear most types of armour.
You are very stealthy in the water. (Stealth+)
You are amphibious.
You can wear up to eight rings at the same time.
You can use your tentacles to constrict eight enemies at once.
Your skin changes colour to match your surroundings (Stealth+).
Your rubbery body absorbs attacks. (AC +1, EV +1)


Message History

The gnoll is lightly wounded.
You constrict the gnoll.
You constrict the gnoll, but do no damage.
You block the gnoll's attack. The gnoll hits you with a +0 halberd!
* * * LOW HITPOINT WARNING * * *
You hit the gnoll.
The gnoll looks even sicker.
The gnoll is heavily wounded.
You constrict the gnoll. x2; You block the gnoll's attack.
You hit the gnoll.
The gnoll looks as sick as possible!
The gnoll is almost dead.
You constrict the gnoll.
You kill the gnoll!
You constrict the gnoll.
You kill the gnoll!
Your Unarmed Combat skill increases to level 5!
The gnoll shouts! x2
You hit the gnoll. Your grab misses the gnoll.
The gnoll is lightly wounded.
The gnoll barely misses you. The worm bites you!
You die...

#.#..# #.#..# .....#
#.#..## #
#.#...##.##### ##
........... ..# #g#
###...#### #g# #.#
##.## #w###.# #.#
#@#.# #.# ##g# ##'##
#.# ##...## #.##
##.....## ####..#
#.......## ##.###.#
.........####...##.###
.........'.>.........#
.........####...##.#.#


You could see a worm and 2 gnolls.

Vanquished Creatures
  5 gnolls
  8 adders
  A shadow imp (D:3)
  2 oozes
  A worm (D:2)
  2 dart slugs
  A leopard gecko (D:1)
  An orc (D:3)
  6 bats
  3 giant cockroaches (D:2)
  5 hobgoblins
  7 jackals
  15 kobolds
  3 frilled lizards
  6 goblins
  9 rats
75 creatures vanquished.

Notes
Turn   | Place    | Note
-------+----------+-------------------------------------------
     0 | D:1      | ringo67 the Octopode Transmuter began the quest for the
                  | Orb.
     0 | D:1      | Reached XP level 1. HP: 13/13 MP: 3/3
    83 | D:1      | Reached XP level 2. HP: 14/18 MP: 5/5
  1119 | D:1      | Reached XP level 3. HP: 23/23 MP: 6/6
  1878 | D:1      | Reached skill level 4 in Unarmed Combat
  1878 | D:1      | Reached XP level 4. HP: 14/29 MP: 7/7
  2902 | D:2      | Reached XP level 5. HP: 18/35 MP: 6/8
  3815 | D:3      | Found a bloodstained altar of Trog.
  3817 | D:3      | Found an iron altar of Okawaru.
  4477 | D:3      | Found a snail-covered altar of Cheibriados.
  4477 | D:3      | Found a white marble altar of Elyvilon.
  4899 | D:3      | Reached skill level 5 in Unarmed Combat
  4900 | D:3      | Slain by a worm

Illustrated notes

Levels and vault maps discovered:
D:1:      lemuel_arrival_muddy, layout_basic
D:2:      layout_loops_ring
D:3:      layout_loops_corners, grunt_temple_overflow_open,
          gammafunk_temple_overflow_elements, lemuel_coloured_pillars_altar

Skill      XL: |  1  2  3  4  5 |
---------------+----------------+-----
Fighting       | 2 |  2.8
Unarmed Combat | 4 5 |  5.0
Transmutations | 3 |  3.3
Dodging        | |  2.0
Spellcasting   | |  2.0

Action                   |  1- 3 |  4- 6 || total
-------------------------+-------+-------++-------
Melee: Unarmed           |    70 |   101 ||   171
       Constrict         |    20 |    31 ||    51
       Tentacles         |    11 |    20 ||    31
       Kick              |     4 |    12 ||    16
       Dagger            |       |    10 ||    10
       Punch             |       |     3 ||     3
 Cast: Beastly Appendage |     4 |     8 ||    12
  Use: Potion            |       |     2 ||     2
 Stab: Sleeping          |     5 |     4 ||     9
Armor: Skin              |     8 |     4 ||    12
Dodge: Dodged            |    62 |    62 ||   124
Block: Other             |       |     4 ||     4

Table legend: (Time is in decaauts)
 A = Elapsed time spent in this place.
 B = Non-inter-level travel time spent in this place.
 C = Inter-level travel time spent in this place.
 D = Time resting spent in this place.
 E = Time spent auto-exploring this place.
 F = Levels seen in this place.
 G = Mean time per level.
                   A        B        C        D        E       F      G
               +--------+--------+--------+--------+--------+-----+--------+
         Total |   4875 |   4766 |    109 |   2346 |   1875 |   3 | 1625.0 |
       Dungeon |   4875 |   4766 |    109 |   2346 |   1875 |   3 | 1625.0 |
               +--------+--------+--------+--------+--------+-----+--------+

Top non-repeatable levels by time:
     D:2: 2076 daAuts
     D:1: 1735 daAuts
     D:3: 1064 daAuts
